cohdb
Replays
Latest Replays
All Replays
Popular Replays
Top Player Replays
Match Explorer
How It Works
Community
CoH3 Stats
Reddit
Sign in to upload your games and track your stats! →
Sign in with Steam
Match 44726407
Unlisted
Match 44726407
Overview
Messages
Build Orders
End
Pioneer Squad
Construct Infanterie Kompanie
Grenadier Squad
Grenadier Squad
Selects Mechanized Battlegroup
Grenadier Squad
Sniper
Construct Luftwaffe Kompanie
Selects Raid Package
Medical Bunker
Flak 30 Anti-aircraft Gun Team
Jäger Squad
Selects StuG Assault Group
Grenadier Squad
Infanterie Officer Quarters
Construct Panzer Kompanie
Selects UNKNOWN (2160084)
Selects Spotting Scopes
Sniper
Panther Heavy Tank
Guessmaname
ZyAcroQC
0
0
Comments
sign in to comment!
No comments posted yet!